 Dungeon Crawl Stone Soup version 0.25.1-8-g42b30a86e7 (webtiles) character file.

Game seed: 6752221248356067516

510 Clowwww the Chopper (level 6, -9/48 HPs)
             Began as a Demonspawn Fighter on Dec 20, 2020.
             Was a Follower of Okawaru.
             Mangled by a gnoll
             ... wielding a +0 halberd
              (12 damage)
             ... on level 5 of the Dungeon.
             The game lasted 00:06:17 (3927 turns).

Clowwww the Chopper (Demonspawn Fighter)            Turns: 3927, Time: 00:06:18

Health: -9/48      AC:  7    Str: 19    XL:     6   Next: 98%
Magic:  6/6        EV:  8    Int:  9    God:    Okawaru [*.....]
Gold:   183        SH:  9    Dex: 12    Spells: 5/5 levels left

rFire    + . .     SeeInvis .   a - +0 war axe
rCold    . . .     Gourm    .   c - +0 kite shield
rNeg     . . .     Faith    .   b - +0 scale mail
rPois    .         Spirit   .   (helmet restricted)
rElec    .         Reflect  .   (no cloak)
rCorr    .         Harm     .   (no gloves)
MR       .....                  (no boots)
Stlth    ..........             (no amulet)
HPRegen  0.16/turn              (no ring)
MPRegen  0.10/turn              (no ring)

@: no status effects
A: horns 1, fire resistance 1, powered by death 1
a: Heroism, Renounce Religion


You were on level 5 of the Dungeon.
You worshipped Okawaru.
Okawaru was aware of your devotion.
You were hungry.

You visited 1 branch of the dungeon, and saw 5 of its levels.

You collected 183 gold pieces.

Inventory:

Hand Weapons
 a - a +0 war axe (weapon)
Missiles
 e - 2 boomerangs (quivered)
Armour
 b - a +0 scale mail (worn)
 c - a +0 kite shield (worn)
Jewellery
 s - an uncursed ring of poison resistance {unknown}
Scrolls
 g - 2 scrolls of amnesia {unknown}
 j - 2 scrolls of remove curse
 l - a scroll of magic mapping {unknown}
 m - a scroll of fear {unknown}
 o - a scroll of enchant armour {unknown}
 q - a scroll of enchant weapon {unknown}
 r - a scroll of teleportation {unknown}
Potions
 d - a potion of might
 h - a potion of mutation {unknown}
 i - a potion of curing {unknown}
 k - 2 potions of haste
 n - a potion of ambrosia
 p - a potion of lignification
Comestibles
 f - 2 rations
 t - 2 chunks of flesh


   Skills:
 + Level 4.0 Fighting
 + Level 4.6 Axes
 + Level 4.0 Armour
 + Level 1.2 Dodging
 + Level 3.8 Shields


You had 5 spell levels left.
You didn't know any spells.
Your spell library was empty.

Dungeon Overview and Level Annotations

Branches:
Dungeon (5/15)
 Temple: D:4-7

Altars:
Nemelex Xobeh
Okawaru


Innate Abilities, Weirdness & Mutations

You have a pair of small horns on your head.
Your flesh is heat resistant. (rF+)
You regenerate a little health from kills.


Message History

You feel invigorated.
You feel like a meek peon again. The gnoll completely misses you.
You bump into the rock wall.
The gnoll hits you but does no damage.
The gnoll hits you from afar with a +0 halberd!
* * * LOW HITPOINT WARNING * * *
You bump into the rock wall.
You feel less invigorated.
You feel less confused. The gnoll hits you with a +0 whip.
* * * LOW HITPOINT WARNING * * *
You block the gnoll's attack.
You slash the gnoll!
The gnoll is heavily wounded.
You block the gnoll's attack. The gnoll hits you but does no damage.
You barely miss the gnoll.
You headbutt the gnoll, but do no damage.
The gnoll is heavily wounded.
You block the gnoll's attack.
The gnoll hits you from afar with a +0 halberd!
You die...

#####################..#
#.# #.######..###.#
#.............#
#######.##########
..................
###########.########.#
........# #.# #.#
##.#######.###.# #.#
......gg@.>....# #.#
##.####################.#
#....................#
#.####################
##...##### #........#
#........# #........#
#..†÷....##


You could see 2 gnolls.

Vanquished Creatures
  A sky beast (D:4)
  A gnoll sergeant (D:5)
  An orc priest (D:4)
  Crazy Yiuf (D:3)
  2 orc wizards
  A howler monkey skeleton (D:4)
  3 adders
  11 gnolls
  An adder skeleton (D:4)
  3 worms
  3 leopard geckos
  16 orcs
  3 giant cockroaches
  7 goblins
  4 hobgoblins
  8 jackals
  3 kobolds
  A quokka (D:4)
  3 bats
  6 frilled lizards
  A quokka zombie (D:5)
  4 rats
84 creatures vanquished.

Notes
Turn   | Place    | Note
-------+----------+-------------------------------------------
     0 | D:1      | Clowwww the Demonspawn Fighter began the quest for the Orb.
     0 | D:1      | Reached XP level 1. HP: 18/18 MP: 1/1
   593 | D:2      | Gained mutation: You have a pair of small horns on your
                  | head. [demonic ancestry]
   593 | D:2      | Reached XP level 2. HP: 24/24 MP: 2/2
   870 | D:2      | Reached XP level 3. HP: 29/29 MP: 3/3
  1974 | D:3      | Found a runed translucent door.
  1975 | D:3      | Noticed Crazy Yiuf
  1984 | D:3      | Killed Crazy Yiuf
  1984 | D:3      | Gained mutation: Your flesh is heat resistant. (rF+)
                  | [demonic ancestry]
  1984 | D:3      | Reached XP level 4. HP: 10/35 MP: 1/4
  2297 | D:3      | Found an iron altar of Okawaru.
  2307 | D:3      | Became a worshipper of Warmaster Okawaru
  2438 | D:3      | Gained mutation: You regenerate a little health from kills.
                  | [demonic ancestry]
  2438 | D:3      | Reached XP level 5. HP: 20/41 MP: 5/5
  3214 | D:4      | Reached skill level 1 in Dodging
  3214 | D:4      | Reached XP level 6. HP: 35/48 MP: 6/6
  3427 | D:4      | Found a sparkling altar of Nemelex Xobeh.
  3481 | D:4      | Noticed a sky beast
  3507 | D:4      | Killed a sky beast
  3507 | D:4      | Reached * piety under Okawaru
  3791 | D:5      | Entered Level 5 of the Dungeon
  3921 | D:5      | HP: 2/48 [gnoll sergeant/+2 vorpal trident (2)]
  3927 | D:5      | Mangled by a gnoll

Illustrated notes

Levels and vault maps discovered:
D:1:      dpeg_arrival_simpleton_c, layout_basic
D:2:      layout_basic, minmay_door_square
D:3:      layout_basic, minmay_misc_feat_doors, okawaru_trees_1,
          uniq_crazy_yiuf_cottage
D:4:      layout_cave_pools, nemelex_xobeh_ov_fountains_minmay
D:5:      layout_basic, first_ration

Skill      XL: |  1  2  3  4  5  6 |
---------------+-------------------+-----
Axes           | 2 3 4 |  4.6
Armour         | 3 4 |  4.0
Shields        | 3 |  3.8
Dodging        | 1 |  1.2
Fighting       | 4 |  4.0

Action                   |  1- 3 |  4- 6 || total
-------------------------+-------+-------++-------
Melee: War axe           |    84 |   177 ||   261
       Headbutt          |     9 |    31 ||    40
Throw: Boomerang         |     1 |       ||     1
Invok: Heroism           |       |     1 ||     1
  Use: Scroll            |       |     4 ||     4
       Potion            |       |     1 ||     1
  Eat: Chunk             |     1 |     5 ||     6
       Ration            |     1 |       ||     1
Armor: Scale mail        |    37 |   107 ||   144
Dodge: Dodged            |    30 |    72 ||   102
Block: Kite shield       |    37 |    94 ||   131
